 Dungeon Crawl Stone Soup version 0.24.0-41-g2ae2f7f1be (webtiles) character file.

Game seed: 5197011697005527711, levelgen mode: deterministic

908 Iamsoldier the Sneak (level 8, -15/54 HPs)
             Began as an Octopode Assassin on Dec 13, 2019.
             Demolished by an ogre
             ... wielding a +0 giant club
              (29 damage)
             ... on level 4 of the Dungeon.
             The game lasted 00:06:32 (3704 turns).

Iamsoldier the Sneak (Octopode Assassin)            Turns: 3704, Time: 00:06:33

Health: -15/54     AC:  1    Str: 10    XL:     8   Next: 8%
Magic:  2/2        EV: 15    Int: 13    God:
Gold:   219        SH:  0    Dex: 16    Spells: 7/7 levels left

rFire    . . .     SeeInvis .   b - +3 short sword (antimagic)
rCold    + . .     Gourm    .   (no shield)
rNeg     . . .     Faith    .   (helmet restricted)
rPois    .         Spirit   .   (no amulet)
rElec    .         Reflect  .   f - ring of protection from cold
rCorr    .         Harm     .   (no ring)
MR       .....                  (no ring)
Stlth    +++++.....             (no ring)
HPRegen  0.18/turn              (no ring)
MPRegen  0.08/turn              (no ring)
                                (no ring)
                                (no ring)

@: no status effects
A: almost no armour, stealthy swim, amphibious, 8 rings, constrict 8, camouflage
1, gelatinous body 1
a: no special abilities


You were on level 4 of the Dungeon.
You were not hungry.

You visited 1 branch of the dungeon, and saw 4 of its levels.

You collected 219 gold pieces.

Inventory:

Hand Weapons
 a - a +2 dagger
 b - a +3 antimagic short sword (weapon)
Missiles
 c - 2 curare-tipped darts (quivered)
 l - 8 poisoned darts
Jewellery
 f - a ring of protection from cold (left tentacle)
Wands
 e - a wand of random effects (20)
Scrolls
 h - 8 scrolls of identify {unknown}
 i - 3 scrolls of remove curse {unknown}
 j - a scroll of fear {unknown}
 k - a scroll of blinking {unknown}
 m - 2 scrolls of fog {unknown}
 n - 3 scrolls of teleportation {unknown}
 o - a scroll of amnesia {unknown}
 p - a scroll of immolation {unknown}
Potions
 g - a potion of mutation {unknown}
 q - 2 potions of curing {unknown}
Comestibles
 d - 3 rations
 r - 18 chunks of flesh


   Skills:
 + Level 4.3 Fighting
 * Level 6.0 Short Blades
 - Level 2.0 Throwing
 + Level 3.9 Dodging
 + Level 7.8 Stealth


You had 7 spell levels left.
You didn't know any spells.
Your spell library was empty.

Dungeon Overview and Level Annotations

Branches:
Dungeon (4/15)
 Temple: D:4-7

Altars:
Hepliaklqana
Sif Muna
Trog
Yredelemnul
The Shining One

Shops:
D:4 (


Innate Abilities, Weirdness & Mutations

You cannot wear most types of armour.
You are very stealthy in the water. (Stealth+)
You are amphibious.
You can wear up to eight rings at the same time.
You can use your tentacles to constrict eight enemies at once.
Your skin changes colour to match your surroundings (Stealth+).
Your rubbery body absorbs attacks. (AC +1, EV +1)


Message History

The ogre is heavily wounded.
You constrict the howler monkey.
The howler monkey hoots and howls with incredible vigour!
The ogre misses you.
You hear an angry hiss.
You puncture the ogre!
The ogre is severely wounded.
You constrict the howler monkey. The howler monkey hits you.
You hit the ogre. Your squeeze misses the ogre.
The ogre is almost dead.
You constrict the howler monkey. The ogre closely misses you.
The howler monkey hits you.
* * * LOW HITPOINT WARNING * * *
You hit the ogre. Your squeeze misses the ogre.
The ogre is almost dead.
You constrict the howler monkey. The howler monkey barely misses you.
A scorpion comes into view.
The ogre hits you with a +0 giant club!!
Ouch! That really hurt!
You die...

#.#...........#
#.#...........# ####
##............###
#...##...............#
.....#..###..........#
........#
####.......##
........## ####.....#
.........# ####.##
∩......@.# ###
......hO.# .......#..#
......# ..# ...... ..#
...... #.s .....# ...
#.... #...


You could see an ogre, a scorpion and a howler monkey.

Vanquished Creatures
  The ghost of ThereIsNoGod the Ruffian, an amateur NaTm (D:3)
  An ogre (D:4)
  3 eyes of draining (D:3)
  A phantom (D:4)
  A bullfrog skeleton (D:3)
  Jessica (D:2)
  A worker ant (D:2)
  Robin (D:4)
  A worker ant zombie (D:3)
  4 gnolls
  4 adders
  An ooze (D:3)
  2 worms (D:2)
  2 dart slugs (D:1)
  4 leopard geckos
  A ball python (D:2)
  A giant cockroach (D:1)
  22 goblins
  6 hobgoblins
  5 jackals (D:2)
  7 bats
  2 frilled lizards
  8 kobolds
  10 rats
90 creatures vanquished.

Vanquished Creatures (others)
  A frilled lizard (D:3)
1 creature vanquished.

Grand Total: 91 creatures vanquished

Notes
Turn   | Place    | Note
-------+----------+-------------------------------------------
     0 | D:1      | Iamsoldier the Octopode Assassin began the quest for the
                  | Orb.
     0 | D:1      | Reached XP level 1. HP: 14/14 MP: 1/1
   249 | D:1      | Reached XP level 2. HP: 19/19 MP: 2/2
   587 | D:2      | Reached XP level 3. HP: 25/25 MP: 3/3
  1005 | D:2      | Reached XP level 4. HP: 25/30 MP: 4/4
  1315 | D:2      | Noticed Jessica
  1317 | D:2      | Killed Jessica
  1317 | D:2      | Reached skill level 6 in Stealth
  1492 | D:2      | Reached XP level 5. HP: 36/36 MP: 5/5
  1584 | D:2      | Found a shimmering blue altar of Sif Muna.
  2186 | D:3      | Found a hazy altar of Hepliaklqana.
  2281 | D:3      | Found a glowing golden altar of the Shining One.
  2283 | D:3      | Noticed an angel
  2327 | D:3      | Found a basalt altar of Yredelemnul.
  2441 | D:3      | Noticed an eye of draining
  2442 | D:3      | Found a bloodstained altar of Trog.
  2443 | D:3      | Noticed an eye of draining
  2443 | D:3      | Noticed an eye of draining
  2472 | D:3      | Killed an eye of draining
  2472 | D:3      | Reached XP level 6. HP: 42/42 MP: 1/6
  2487 | D:3      | Killed an eye of draining
  2506 | D:3      | Killed an eye of draining
  2506 | D:3      | Reached skill level 7 in Stealth
  2506 | D:3      | Reached XP level 7. HP: 47/47 MP: 0/7
  2574 | D:3      | Found a bloodstained altar of Trog.
  2752 | D:3      | Found a runed translucent gate.
  2752 | D:3      | Found a runed translucent gate.
  2752 | D:3      | Found a runed translucent gate.
  2752 | D:3      | Noticed ThereIsNoGod's ghost (amateur NaTm)
  2775 | D:3      | Killed ThereIsNoGod's ghost
  2775 | D:3      | Reached skill level 5 in Short Blades
  3462 | D:4      | Noticed Robin
  3475 | D:4      | Reached XP level 8. HP: 47/54 MP: 2/8
  3494 | D:4      | Killed Robin
  3693 | D:4      | Found Qepociow's Antique Weapon Shop.
  3704 | D:4      | Demolished by an ogre

Levels and vault maps discovered:
D:1:      eino_arrival_druids_welcome, layout_basic, hex_intersection
D:2:      layout_loops_cross, lemuel_blue_sif_altar, minmay_bisected,
          uniq_jessica
D:3:      kennysheep_the_goblin_king, layout_basic,
          grunt_temple_overflow_holy_war, marbit_many_paths,
          lemuel_coloured_pillars_altar, first_ration,
          gammafunk_ghost_necromancy, trog_eyes_of_draining
D:4:      layout_cave_pods, serial_shops, nicolae_shop_window_shopping, shop,
          uniq_robin

Skill      XL: |  1  2  3  4  5  6  7  8 |
---------------+-------------------------+-----
Short Blades   | 3 4 5 6 |  6.0
Dodging        | 2 3 |  3.9
Stealth        | 6 7 |  7.8
Fighting       | 3 4 |  4.3
Throwing       | |  2.0

Action                   |  1- 3 |  4- 6 |  7- 9 || total
-------------------------+-------+-------+-------++-------
Melee: Dagger            |    59 |    95 |     1 ||   155
       Constrict         |     7 |    19 |     9 ||    35
       Tentacles         |     6 |    19 |     9 ||    34
       Short sword       |       |       |    67 ||    67
  Use: Potion            |     2 |     5 |     1 ||     8
 Stab: Sleeping          |    16 |     9 |     2 ||    27
  Eat: Chunk             |       |     5 |     1 ||     6
       Ration            |       |       |     1 ||     1
Armor: Skin              |    56 |    25 |     3 ||    84
Dodge: Dodged            |    20 |    40 |    44 ||   104
